 Dungeon Crawl Stone Soup version 0.28-a0-909-g796cbd3a86 (webtiles) character file.

Game seed: 6441983497382500117

292 BinkBink the Shield-Bearer (level 6, -2/53 HPs)
             Began as a Gnoll Fighter on Nov 24, 2021.
             Slain by Pikel (8 damage)
             ... on level 4 of the Dungeon.
             The game lasted 00:04:36 (2993 turns).

BinkBink the Shield-Bearer (Gnoll Fighter)          Turns: 2993, Time: 00:04:37

Health: -2/53      AC: 11    Str: 17    XL:     6   Next: 33%
Magic:  8/8        EV: 10    Int:  7    God:
Gold:   153        SH:  5    Dex: 12    Spells: 8/8 levels left

rFire   . . .      SeeInvis .   a - +0 rapier
rCold   . . .      Faith    +   c - +0 buckler
rNeg    . . .      Spirit   .   b - +0 scale mail
rPois   .          Reflect  .   (no helmet)
rElec   .          Harm     .   (no cloak)
rCorr   .          Rampage  .   (no gloves)
Will    .....                   l - +2 pair of boots
Stlth   ..........              h - amulet of faith
HPRegen 0.17/turn               (no ring)
MPRegen 0.11/turn               (no ring)

@: about to teleport, weak-willed
A: fangs 1, strong nose, distributed training
a: no special abilities


You were on level 4 of the Dungeon.
You visited 1 branch of the dungeon, and saw 4 of its levels.

You collected 189 gold pieces.
You spent 36 gold pieces at shops.

Inventory:

Hand Weapons
 a - a +0 rapier (weapon)
Missiles
 o - a throwing net (quivered)
Armour
 b - a +0 scale mail (worn)
 c - a +0 buckler (worn)
 l - a +2 pair of boots (worn)
Jewellery
 h - an amulet of faith (around neck)
Scrolls
 f - a scroll of magic mapping {unknown}
 k - a scroll of identify
 p - a scroll of vulnerability
Potions
 d - 3 potions of might
 e - 2 potions of berserk rage {unknown}
 i - 4 potions of curing
 j - 2 potions of heal wounds
 m - a potion of lignification {unknown}
 n - a potion of attraction {unknown}
 q - a potion of ambrosia {unknown}


   Skills:
 + Level 6.8 Fighting
 + Level 5.0 Short Blades
 + Level 1.9 Long Blades
 + Level 1.9 Axes
 + Level 1.9 Maces & Flails
 + Level 1.9 Polearms
 + Level 1.9 Staves
 + Level 1.9 Slings
 + Level 1.9 Bows
 + Level 1.9 Crossbows
 + Level 1.9 Throwing
 + Level 6.8 Armour
 + Level 1.9 Dodging
 + Level 1.9 Stealth
 + Level 6.8 Shields
 + Level 1.9 Unarmed Combat
 + Level 1.9 Spellcasting
 + Level 1.5 Conjurations
 + Level 1.5 Hexes
 + Level 1.5 Summonings
 + Level 1.5 Necromancy
 + Level 1.5 Translocations
 + Level 1.5 Transmutations
 + Level 1.5 Fire Magic
 + Level 1.5 Ice Magic
 + Level 1.5 Air Magic
 + Level 1.5 Earth Magic
 + Level 1.5 Poison Magic
 + Level 2.1 Invocations
 + Level 1.9 Evocations


You had 8 spell levels left.
You didn't know any spells.
Your spell library contained the following spells:

 Spells                   Type           Power      Damage    Failure   Level
 Magic Dart               Conj           8%         1d3       52%         1
 Slow                     Hex            8%         N/A       52%         1
 Call Imp                 Summ           2%         N/A       67%         2
 Scorch                   Fire           4%         2d5       67%         2
 Confusing Touch          Hex            2%         N/A       88%         3
 Mephitic Cloud           Conj/Pois/Air  2%         N/A       88%         3
 Vampiric Draining        Necr           2%         2d6       88%         3
 Flame Wave               Conj/Fire      2%         3d3       99%         4
 Summon Cactus Giant      Summ           1%         N/A       100%        6


Dungeon Overview and Level Annotations

Branches:
Dungeon (4/15)
 Temple: D:4-7

Altars:

Shops:
D:2 !

Annotations:
D:4 Pikel


Innate Abilities, Weirdness & Mutations

You have very sharp teeth.
Your uncanny sense of smell can sniff out nearby items.
Your experience applies equally to all skills.


Message History

You barely miss Pikel.
A lemure comes into view.
Pikel hits you but does no damage.
You hit Pikel.
Pikel is lightly wounded.
You block Pikel's attack.
Pikel hits you with a +1 whip of electrocution.
Pikel hits you with a +1 whip of electrocution.
You miss Pikel.
Pikel is lightly wounded.
The lemure shouts!
You block Pikel's attack.
You puncture Pikel!
Pikel is moderately wounded.
Pikel closely misses you.
You closely miss Pikel.
Pikel is moderately wounded.
You block Pikel's attack.
Pikel hits you with a +1 whip of electrocution!
Pikel says, "Dispater doesn't talk much, but I know they dig me."
Pikel barely misses you.
A lemure comes into view.
Pikel hits you with a +1 whip of electrocution.
You are electrocuted!
* * * LOW HITPOINT WARNING * * *
As you read the scroll labelled BULYTE GEITA, it crumbles to dust.
Magic quickly surges around you.
It was a scroll of vulnerability.
Pikel barely misses you.
Pikel hits you with a +1 whip of electrocution.
* * * LOW HITPOINT WARNING * * *
As you read the scroll labelled KAUQAL QAOLUFA, it crumbles to dust.
It is a scroll of identify.
g - a scroll of teleportation You block Pikel's attack.
As you read the scroll of teleportation, it crumbles to dust.
You feel strangely unstable.
Pikel hits you with a +1 whip of electrocution.
* * * LOW HITPOINT WARNING * * *
You are electrocuted!
You die...

#.#.# #.# #.#.# #.#
#.#.###.# #.#.....#
#.####### #.# #.#
#.### # #@#.#
#########
##K#.######.......#
#.55.555..........#
#....######5......#
#....# #.......#
###### #....5..#
#.......# ####.5...
######


You could see Pikel (fast, weak-willed) and 2 lemures.

Vanquished Creatures
  A black bear (D:3)
  Jessica (D:3)
  Terence (D:2)
  An orc wizard (D:3)
  4 gnolls (D:3)
  An adder (D:2)
  2 dart slugs (D:3)
  3 orcs (D:3)
  4 bats
  6 endoplasms
  3 giant cockroaches
  6 goblins
  6 hobgoblins
  3 jackals (D:2)
  3 quokkas
  7 ball pythons
  6 frilled lizards
  8 kobolds
  11 rats
77 creatures vanquished.

Notes
Turn   | Place    | Note
-------+----------+-------------------------------------------
     0 | D:1      | BinkBink the Gnoll Fighter began the quest for the Orb.
     0 | D:1      | Reached XP level 1. HP: 23/23 MP: 1/1
   240 | D:1      | Reached XP level 2. HP: 29/29 MP: 2/2
   675 | D:1      | Reached XP level 3. HP: 30/35 MP: 3/3
   761 | D:2      | Found a faded altar of an unknown god.
   840 | D:2      | Reached skill level 1 in Invocations
   859 | D:2      | Found Lonog's Distillery.
   935 | D:2      | Bought a potion of curing for 36 gold pieces
  1336 | D:2      | Reached skill level 1 in Long Blades
  1336 | D:2      | Reached skill level 1 in Axes
  1336 | D:2      | Reached skill level 1 in Maces & Flails
  1336 | D:2      | Reached skill level 1 in Polearms
  1336 | D:2      | Reached skill level 1 in Staves
  1336 | D:2      | Reached skill level 1 in Slings
  1336 | D:2      | Reached skill level 1 in Bows
  1336 | D:2      | Reached skill level 1 in Crossbows
  1336 | D:2      | Reached skill level 1 in Throwing
  1336 | D:2      | Reached skill level 1 in Dodging
  1336 | D:2      | Reached skill level 1 in Stealth
  1336 | D:2      | Reached skill level 1 in Unarmed Combat
  1336 | D:2      | Reached skill level 1 in Spellcasting
  1336 | D:2      | Reached skill level 1 in Evocations
  1575 | D:2      | Noticed Terence
  1585 | D:2      | Killed Terence
  1586 | D:2      | Reached XP level 4. HP: 41/41 MP: 5/5
  1732 | D:3      | Noticed Jessica
  1741 | D:3      | Killed Jessica
  1742 | D:3      | Reached skill level 1 in Conjurations
  1742 | D:3      | Reached skill level 1 in Hexes
  1742 | D:3      | Reached skill level 1 in Summonings
  1742 | D:3      | Reached skill level 1 in Necromancy
  1742 | D:3      | Reached skill level 1 in Translocations
  1742 | D:3      | Reached skill level 1 in Transmutations
  1742 | D:3      | Reached skill level 1 in Fire Magic
  1742 | D:3      | Reached skill level 1 in Ice Magic
  1742 | D:3      | Reached skill level 1 in Air Magic
  1742 | D:3      | Reached skill level 1 in Earth Magic
  1742 | D:3      | Reached skill level 1 in Poison Magic
  1857 | D:3      | Reached XP level 5. HP: 39/47 MP: 6/6
  2654 | D:4      | Noticed a black bear
  2689 | D:3      | Killed a black bear
  2690 | D:3      | Reached XP level 6. HP: 30/53 MP: 8/8
  2852 | D:4      | Reached skill level 5 in Short Blades
  2964 | D:4      | Noticed Pikel
  2993 | D:4      | Slain by Pikel

Illustrated notes

Levels and vault maps discovered:
D:1:      sevenhm_arrival_forest_fort_large_4, layout_basic,
          minmay_rat_gold_closets
D:2:      layout_basic, serial_shops, nicolae_shop_hallway_stairs,
          shapermc_ecumenical_altar_mp_highgroup,
          chequers_serial_rivers_large_a, uniq_terence
D:3:      layout_loops_ring, nicolae_concentric_dashed_squares_wild,
          uniq_jessica
D:4:      layout_basic, nzn_wu_jian_contemplation, uniq_crazy_yiuf_cottage,
          uniq_pikel

Skill      XL: |  1  2  3  4  5  6 |
---------------+-------------------+-----
Invocations    | 1 2 |  2.1
Long Blades    | 1 |  1.9
Axes           | 1 |  1.9
Maces & Flails | 1 |  1.9
Polearms       | 1 |  1.9
Staves         | 1 |  1.9
Slings         | 1 |  1.9
Bows           | 1 |  1.9
Crossbows      | 1 |  1.9
Throwing       | 1 |  1.9
Dodging        | 1 |  1.9
Stealth        | 1 |  1.9
Unarmed Combat | 1 |  1.9
Spellcasting   | 1 |  1.9
Evocations     | 1 |  1.9
Conjurations   | 1 |  1.5
Hexes          | 1 |  1.5
Summonings     | 1 |  1.5
Necromancy     | 1 |  1.5
Translocations | 1 |  1.5
Transmutations | 1 |  1.5
Fire Magic     | 1 |  1.5
Ice Magic      | 1 |  1.5
Air Magic      | 1 |  1.5
Earth Magic    | 1 |  1.5
Poison Magic   | 1 |  1.5
Short Blades   | 5 |  5.0
Fighting       | |  6.8
Armour         | |  6.8
Shields        | |  6.8

Action                   |  1- 3 |  4- 6 || total
-------------------------+-------+-------++-------
Melee: Rapier            |   136 |   122 ||   258
       Bite              |    10 |    12 ||    22
  Use: Potion            |       |     1 ||     1
       Scroll            |       |     3 ||     3
Armor: Scale mail        |    54 |    63 ||   117
Dodge: Dodged            |    75 |    68 ||   143
Block: Buckler           |    26 |    29 ||    55

Table legend: (Time is in decaauts)
 A = Elapsed time spent in this place.
 B = Non-inter-level travel time spent in this place.
 C = Inter-level travel time spent in this place.
 D = Time resting spent in this place.
 E = Time spent auto-exploring this place.
 F = Levels seen in this place.
 G = Mean time per level.
                   A        B        C        D        E       F      G
               +--------+--------+--------+--------+--------+-----+--------+
         Total |   2992 |   2831 |    161 |      0 |   2266 |   4 |  748.0 |
       Dungeon |   2992 |   2831 |    161 |      0 |   2266 |   4 |  748.0 |
               +--------+--------+--------+--------+--------+-----+--------+

Top non-repeatable levels by time:
     D:3: 1058 daAuts
     D:2: 955 daAuts
     D:1: 753 daAuts
     D:4: 225 daAuts
